 Dungeon Crawl Stone Soup version 0.31.0-10-gcf4a605ca0 (webtiles) character file.

Game seed: 16846399554286647069

280 PriceMaster the Firebug (level 6, 0/37 HPs)
             Began as an Octopode Fire Elementalist on Jan 26, 2024.
             Was a Follower of Elyvilon.
             Slain by an orc
             ... wielding a +0 mace
              (6 damage)
             ... on level 4 of the Dungeon.
             The game lasted 00:05:34 (3404 turns).

PriceMaster the Firebug (OpFE)                      Turns: 3404, Time: 00:05:35

Health: 0/37       AC:  1    Str:  7    XL:     6   Next: 27%
Magic:  17/19      EV: 13    Int: 19    God:    Elyvilon [*.....]
Gold:   112        SH:  0    Dex: 13    Spells: 8/11 levels left

rFire   x . .        b - +1 dagger (speed)
rCold   + . .        (no shield)
rNeg    . . .        (helmet restricted)
rPois   .            (no amulet)
rElec   .            f - ring of see invisible
rCorr   .            h - ring of ice
SInv    +            i - ring of magical power
Will    +....        (no ring)
Stlth   ++++         (no ring)
HPRegen 0.26/turn    (no ring)
MPRegen 0.16/turn    (no ring)
                     (no ring)

%: no passive effects
@: on berserk cooldown, enlightened, flying, slowed, very slow
A: almost no armour, amphibious, 8 rings, camouflage 1, gelatinous body 1,
(nimble swimmer 1), tentacles
a: Renounce Religion, Purification


You were on level 4 of the Dungeon.
You worshipped Elyvilon.
Elyvilon was aware of your devotion.
You visited 1 branch of the dungeon, and saw 4 of its levels.

You collected 112 gold pieces.

Inventory:

Hand Weapons
 b - a +1 dagger of speed (weapon)
Missiles
 d - 2 throwing nets
Magical Staves
 c - a staff of cold
Jewellery
 f - a ring of see invisible (left tentacle)
 h - a ring of ice (right tentacle)
 i - a ring of magical power (on tentacle)
Scrolls
 k - a scroll of teleportation
Potions
 a - 2 potions of magic
 e - a potion of enlightenment
 g - a potion of curing {unknown}
 j - a potion of attraction {unknown}
 l - a potion of berserk rage


   Skills:
 + Level 0.7 Fighting
 + Level 2.1 Short Blades
 + Level 2.8 Dodging
 + Level 4.2 Stealth
 + Level 3.2 Spellcasting
 + Level 1.4 Conjurations
 + Level 4.3 Fire Magic


You had 8 spell levels left.
You knew the following spells:

 Your Spells              Type           Power      Damage    Failure   Level
a - Foxfire               Conj/Fire      56%        2x1d6     4%          1
b - Scorch                Fire           38%        2d6       3%          2

Your spell library contained the following spells:

 Spells                   Type           Power      Damage    Failure   Level
 Inner Flame              Hex/Fire       11%        N/A       19%         3
 Volatile Blastmotes      Fire/Tloc      22%        2d11      19%         3
 Flame Wave               Conj/Fire      14%        2d6       41%         4


Dungeon Overview and Level Annotations

Branches:
Dungeon (4/15)
 Temple: D:4-7

Altars:
Elyvilon
Fedhas
Kikubaaqudgha
Ru
Wu Jian
Yredelemnul

Shops:
D:3 [   D:4 *


Innate Abilities, Weirdness & Mutations

You cannot wear most types of armour.
You are amphibious.
You can wear up to eight rings at the same time.
Your skin changes colour to match your surroundings (Stealth+).
Your rubbery body absorbs attacks. (AC +1, EV +1)
((You are camouflaged when in or above water. (Stealth+)))
You have tentacles for arms and can constrict up to eight enemies at once.


Message History

An orc comes into view. It is wielding a +0 mace.
You're too confused to cast spells.
You're too confused to cast spells.
Unknown command.
You're too confused to cast spells.
You're too confused to cast spells.
You hit the orc wizard.
You kill the orc wizard!
The orc hits you with a +0 club. The orc hits you with a +0 club.
A jackal comes into view.
You completely miss the orc.
The orc is almost dead.
The orc hits you with a +0 mace. The orc hits you with a +0 club.
A jackal comes into view.
An orc comes into view. It is wielding a +0 mace.
The orc completely misses you. The orc attacks as it pursues you!
The orc closely misses you. The orc hits you but does no damage.
The orc closely misses you.
Items here: $ ) [ †.
You barely miss the orc.
The orc shouts!
Your squeeze misses the orc.
The orc is almost dead.
The jackal barely misses you.
A jackal comes into view.
The orc hits you with a +0 mace! The jackal closely misses you.
The orc hits you with a +0 club.
* * * LOW HITPOINT WARNING * * *
It was a potion of enlightenment.
You feel very buoyant.
You fly up into the air.
You feel less confused.
The jackal barks!
You hear a bark!
The jackal bites you but does no damage.
A jackal comes into view.
The orc hits you with a +0 mace.
* * * LOW HITPOINT WARNING * * *
The orc hits you with a +0 mace.
You die... #### ## #... h.#..# ## .#..##.. hh...

#ho# #.# .
##@o#####.###.#.#.
#.o.......#.......
#...#######.#.##.# #...#
#.#.##.# # #...#
#.#.##.#
#.####...#######.#.##.#
..............##......##
........................
...............#...#..##


You could see 3 orcs and 4 jackals.

Vanquished Creatures
  An ogre (D:4)
  A hound (D:3)
  An iguana (D:4)
  2 orc wizards (D:4)
  An adder (D:3)
  2 ribbon worms
  2 dart slugs
  4 orcs
  7 bats
  6 endoplasms
  A giant cockroach (D:1)
  6 goblins
  4 hobgoblins
  2 jackals (D:3)
  4 kobolds
  2 quokkas (D:3)
  8 ball pythons
  2 frilled lizards
  8 rats
64 creatures vanquished.

Vanquished Creatures (others)
  42 foxfires
42 creatures vanquished.

Grand Total: 106 creatures vanquished

Notes
Turn   | Place    | Note
-------+----------+-------------------------------------------
     0 | D:1      | PriceMaster the Octopode Fire Elementalist began the quest
                  | for the Orb.
     0 | D:1      | Reached XP level 1. HP: 11/11 MP: 3/3
   200 | D:1      | Reached XP level 2. HP: 17/17 MP: 5/5
   252 | D:1      | Learned a level 2 spell: Scorch
   635 | D:1      | Reached XP level 3. HP: 21/21 MP: 3/6
  1485 | D:2      | Reached skill level 1 in Short Blades
  1782 | D:3      | Found an ancient bone altar of Kikubaaqudgha.
  1869 | D:3      | Reached XP level 4. HP: 19/27 MP: 3/7
  2132 | D:3      | Found Qeelun's Antique Armour Boutique.
  2320 | D:3      | Found a basalt altar of Yredelemnul.
  2331 | D:3      | Found a blossoming altar of Fedhas.
  2378 | D:3      | Found a faded altar of an unknown god.
  2385 | D:3      | Prayed at the altar of an unknown god.
  2385 | D:3      | Became a worshipper of Elyvilon the Healer
  2385 | D:3      | Reached * piety under Elyvilon
  2644 | D:3      | Found a sacrificial altar of Ru.
  2644 | D:3      | Found an ornate altar of the Wu Jian Council.
  2651 | D:3      | Found a white marble altar of Elyvilon.
  2926 | D:4      | Noticed an ogre
  2934 | D:4      | Killed an ogre
  2935 | D:4      | Reached XP level 5. HP: 32/32 MP: 7/9
  2941 | D:4      | Reached XP level 6. HP: 37/37 MP: 5/10
  3373 | D:4      | Found Ocriokk's Assorted Antiques.
  3404 | D:4      | Slain by an orc

Illustrated notes

Levels and vault maps discovered:
D:1:      spicycebolla_green_bress_n_ham_2, layout_basic, hex_large,
          serial_bayou_pond_d
D:2:      layout_rooms
D:3:      layout_basic, kiku_gazebo_pond_becter,
          nicolae_overflow_hallway_of_the_gods, serial_shops,
          nicolae_shop_trees, dilly_ecumenical_altar_fadedgnrine,
          minmay_misc_feat_hallway, item_on_display_a
D:4:      layout_loops_cross, serial_shops, nicolae_shop_tiny_waterfront, shop,
          nicolae_book_shop_shelving, nicolae_shop_back_alley_shop,
          minmay_snake_closets, uniq_natasha

Skill      XL: |  1  2  3  4  5  6 |
---------------+-------------------+-----
Stealth        | 3 4 |  4.2
Short Blades   | 1 2 |  2.1
Spellcasting   | 3 |  3.2
Fire Magic     | 4 |  4.3
Fighting       | |  0.7
Dodging        | |  2.8
Conjurations   | |  1.4

Action                     |  1- 3 |  4- 6 || total
---------------------------+-------+-------++-------
  Melee: Dagger            |    60 |    28 ||    88
         Constrict         |    14 |     9 ||    23
         Unarmed           |     3 |       ||     3
         Tentacles         |     9 |    12 ||    21
         Punch             |     1 |       ||     1
  Throw: Throwing net      |     1 |       ||     1
   Cast: Foxfire           |    14 |    12 ||    26
         Scorch            |    13 |    10 ||    23
    Use: Scroll            |       |     4 ||     4
         Potion            |       |     2 ||     2
   Stab: Sleeping          |     7 |     2 ||     9
 Armour: Skin              |    23 |    20 ||    43
  Dodge: Dodged            |    43 |    19 ||    62
